Map: Divergence CE

Players

Lioness

  • Race: Zerg Zerg
  • Spawn Location: 11:00

English

  • Race: Terran Terran
  • Spawn Location: 11:00

Ekelpack - Winner!

  • Race: Zerg Zerg
  • Spawn Location: 5:00

Nyck - Winner!

  • Race: Terran Terran
  • Spawn Location: 5:00

VOD

Have the link to the VOD?

Description

Time

  • Played on: Nov. 19, 2024, 3:09 p.m.
  • Length: 13:20
Show
View Real Time Build Order
Export as new Build Order

Lioness Zerg 

Build Orders: Hatch First 

Get SALT Encoding   

  12  0:01  Drone  
  13  0:13  Overlord  
  13  0:17  Drone  
  14  0:33  Drone x2  
  16  0:40  Drone  
  17  0:55  Hatchery  
  16  0:58  Drone  
  16  1:00  Drone  
  18  1:05  Extractor  
  17  1:14  Drone  
  18  1:20  Spawning Pool  
  18  1:22  Drone  
  18  1:30  Drone  
  19  1:41  Drone  
  20  1:51  Drone  
  21  2:02  Overlord  
  21  2:07  Queen  
  21  2:08  Queen  
  25  2:09  Overlord  
  25  2:15  Drone  
  26  2:17  Metabolic Boost  
  26  2:25  Drone x2  
  28  2:38  Spine Crawler  
  27  2:47  Drone x4  
  31  2:56  Drone x2  
  33  3:01  Drone  
  34  3:14  Drone x2  
  34  3:17  Zergling x2  
  37  3:31  Zergling x4  
  39  3:38  Drone x2  
  42  3:48  Drone x2  
  43  4:07  Drone  
  44  4:10  Hatchery  
  41  4:31  Drone x4, Extractor  
  40  4:32  Drone  
  40  4:35  Lair  
  40  4:36  Extractor  
  43  4:39  Roach Warren  
  43  4:41  Evolution Chamber  
  43  4:42  Evolution Chamber  
  43  4:44  Overlord x3  
  43  4:45  Overlord x2  
  40  4:49  Zergling x4  
  42  4:53  Overlord  
  42  5:00  Extractor  
  42  5:02  Drone x3  
  44  5:07  Zerg Ground Armor Level 1, Zerg Missile Weapons Level 1  
  44  5:09  Zergling x2  
  44  5:10  Zergling x4  
  47  5:18  Spore Crawler  
  47  5:19  Spore Crawler  
  45  5:30  Queen  
  45  5:31  Queen  
  49  5:37  Spore Crawler  
  49  5:38  Spore Crawler  
  49  5:42  Spore Crawler  
  46  5:47  Glial Reconstitution  
  42  6:22  Roach  
  42  6:23  Roach x18  
  76  6:34  Queen x2  
  76  6:35  Spore Crawler, Queen  
  81  6:56  Hydralisk Den  
  80  7:06  Spore Crawler  
  79  7:09  Spore Crawler  
  79  7:10  Queen  
  80  7:28  Hydralisk  
  80  7:29  Hydralisk x4  
  90  7:36  Overlord  
  90  7:41  Drone x2  
  90  7:42  Drone  
  93  7:58  Drone x5  
  98  8:11  Grooved Spines  
  85  8:22  Hydralisk  
  85  8:23  Hydralisk, Roach x2  
  93  8:41  Extractor  
  92  8:50  Hatchery, Drone  
  92  8:51  Drone x5  
  97  9:01  Muscular Augments  
  97  9:20  Drone x9  
  106  9:34  Extractor  
  105  9:56  Overlord x5  
  105  9:57  Overlord x2  
  105  10:00  Drone  
  104  10:26  Drone x3  
  104  10:27  Drone x5  
  104  10:28  Drone x4  
  116  10:29  Drone x12  
  124  10:40  Roach  
  124  10:41  Roach x6  
  138  10:46  Hatchery  
  119  11:01  Roach  
  119  11:02  Roach x9  
  117  11:16  Roach  
  119  11:21  Infestation Pit  
  71  12:08  Infestor x3  
  38  12:33  Roach x2  
  38  12:34  Roach x4  
  50  12:51  Overlord  
Show
View Real Time Build Order
Export as new Build Order

English Terran 

Build Orders: 2 Factory, Cyclone Opening 

Get SALT Encoding   

  12  0:00  SCV  
  13  0:12  SCV  
  14  0:17  Supply Depot  
  14  0:24  SCV  
  15  0:40  Barracks  
  15  0:41  SCV  
  16  0:47  Refinery  
  16  0:53  SCV  
  17  1:05  SCV  
  18  1:18  SCV  
  19  1:29  Refinery  
  19  1:30  Orbital Command  
  19  1:32  Barracks Tech Lab  
  19  1:57  SCV  
  19  2:00  Supply Depot  
  20  2:05  Factory  
  20  2:09  SCV  
  21  2:21  SCV  
  22  2:24  Barracks Reactor  
  22  2:25  Command Center  
  22  2:31  Factory  
  22  2:33  SCV  
  23  2:45  SCV  
  23  2:49  Cyclone  
  26  2:59  SCV  
  25  3:32  Siege Tank  
  28  3:52  Orbital Command  
  28  3:54  Command Center  
  28  3:59  SCV  
  29  4:03  Supply Depot  
  29  4:11  SCV  
  30  4:23  SCV  
  31  4:24  Cyclone x2  
  31  4:27  Siege Tank  
  38  4:35  SCV  
  39  4:41  SCV  
  39  4:45  Refinery  
  40  4:47  SCV  
  41  4:53  SCV  
  41  4:56  Hellion  
  45  5:00  SCV  
  45  5:02  Supply Depot, Siege Tank  
  45  5:05  SCV  
  49  5:12  Orbital Command, SCV  
  50  5:17  SCV  
  50  5:20  Cyclone x2  
  55  5:26  Engineering Bay  
  55  5:29  SCV  
  56  5:42  SCV  
  53  5:52  Cyclone  
  53  5:54  SCV  
  53  5:57  SCV  
  57  6:02  Cyclone  
  59  6:06  SCV  
  59  6:09  SCV  
  61  6:14  Siege Tank  
  61  6:18  SCV  
  65  6:21  SCV  
  65  6:24  Cyclone  
  68  6:33  SCV  
  63  6:44  Cyclone  
  63  6:56  Cyclone  
  67  7:01  Cyclone  
  67  7:05  SCV  
  67  7:07  Missile Turret  
  68  7:12  Missile Turret  
  68  7:14  SCV  
  69  7:17  SCV, Cyclone  
  69  7:21  Refinery  
  72  7:26  SCV  
  72  7:27  Missile Turret  
  72  7:28  Cyclone  
  72  7:29  SCV  
  76  7:33  Missile Turret, Armory  
  76  7:34  Armory  
  76  7:38  SCV  
  77  7:59  Supply Depot x2  
  77  8:21  Supply Depot, SCV x2, Cyclone x3  
  85  8:33  SCV x2  
  87  8:40  Missile Turret  
  87  8:42  Missile Turret  
  87  8:45  SCV  
  87  8:47  Missile Turret  
  88  8:49  Missile Turret  
  88  8:51  Terran Vehicle And Ship Armor Level 1, Terran Vehicle Weapons Level 1  
  88  8:53  Cyclone x3  
  94  8:57  SCV, Factory  
  94  8:59  Missile Turret  
  95  9:03  Missile Turret  
  95  9:06  Missile Turret  
  95  9:09  SCV, Refinery  
  96  9:12  Refinery  
  96  9:21  SCV  
  97  9:25  Cyclone x2  
  101  9:43  Factory Tech Lab  
  101  9:48  Factory  
  101  10:08  Supply Depot x2  
  101  10:12  Supply Depot  
  101  10:28  Command Center  
  101  10:29  Thor  
  101  10:30  SCV x2, Cyclone x2  
  101  10:31  Factory Tech Lab  
  101  10:32  Supply Depot x2  
  101  10:33  Thor  
  119  10:37  Supply Depot  
  119  10:42  SCV  
  112  10:54  SCV  
  112  10:55  Supply Depot  
  112  10:56  Supply Depot  
  78  10:58  Thor  
  78  11:02  Cyclone x2  
  78  11:03  Supply Depot  
  83  11:06  SCV  
  84  11:12  Thor  
  84  11:16  Thor  
  97  11:18  SCV  
  97  11:23  Factory  
  97  11:34  Cyclone x2  
  97  11:36  Hurricane Engines  
  101  11:41  Thor  
  107  11:55  Thor  
  107  11:59  Orbital Command, Thor  
  107  12:00  Refinery  
  119  12:06  Cyclone x2  
  117  12:24  Thor  
  111  12:38  Siege Tank, Cyclone x2  
  111  12:42  Siege Tank  
  68  13:05  SCV  
Show
View Real Time Build Order
Export as new Build Order

Ekelpack Zerg - Winner!

Build Orders: Hatch First 

Get SALT Encoding   

  12  0:00  Drone  
  13  0:13  Overlord  
  13  0:17  Drone  
  14  0:32  Drone  
  15  0:51  Hatchery, Drone  
  15  1:04  Spawning Pool  
  15  1:08  Drone  
  15  1:10  Extractor  
  14  1:15  Drone  
  14  1:17  Drone  
  16  1:22  Drone  
  17  1:30  Drone  
  18  1:40  Drone  
  19  1:54  Drone  
  19  1:56  Queen  
  22  2:04  Queen  
  22  2:06  Drone  
  25  2:09  Drone  
  25  2:14  Overlord  
  26  2:21  Drone  
  27  2:24  Drone  
  28  2:34  Lair  
  28  2:39  Drone x3  
  31  2:46  Drone x2  
  31  2:50  Extractor  
  32  2:55  Drone, Extractor  
  32  2:59  Drone  
  35  3:07  Overlord  
  35  3:08  Drone x3  
  36  3:21  Overlord  
  36  3:27  Extractor  
  36  3:28  Drone x3  
  38  3:34  Spire  
  38  3:38  Drone  
  38  3:40  Drone x2  
  40  3:51  Metabolic Boost  
  40  3:56  Drone  
  40  3:57  Drone x3  
  40  4:02  Overlord  
  44  4:03  Overlord x2  
  44  4:11  Queen  
  40  4:29  Drone  
  40  4:30  Drone x6  
  47  4:48  Mutalisk x2  
  47  4:49  Mutalisk x4  
  59  4:59  Mutalisk  
  61  5:03  Zerg Flyer Weapons Level 1  
  61  5:10  Mutalisk x2  
  61  5:11  Mutalisk  
  67  5:24  Overlord  
  67  5:36  Mutalisk x2  
  67  5:40  Hatchery  
  70  5:50  Mutalisk  
  70  5:51  Zergling x6, Mutalisk  
  70  5:56  Overlord  
  70  5:57  Overlord  
  71  6:50  Mutalisk x4  
  71  6:51  Zergling x4  
  81  7:04  Zergling x8  
  85  7:11  Zerg Flyer Weapons Level 2  
  85  7:20  Evolution Chamber  
  84  7:23  Evolution Chamber  
  84  7:29  Zergling x2  
  85  7:30  Zergling x8, Overlord x2  
  85  7:31  Zergling x4  
  85  7:33  Overseer x2  
  85  7:34  Overseer  
  90  7:41  Drone x4  
  90  7:43  Extractor  
  93  7:59  Infestation Pit  
  93  8:00  Drone x5  
  93  8:01  Drone, Overlord  
  83  8:29  Zergling x2  
  83  8:30  Zergling x14  
  83  8:31  Zergling x12  
  83  8:32  Zergling x2  
  83  8:33  Zerg Melee Weapons Level 1  
  83  8:34  Zerg Ground Armor Level 1  
  98  8:39  Hive, Pneumatized Carapace  
  98  8:46  Drone x2  
  100  8:52  Extractor  
  100  8:53  Zergling x10  
  100  8:54  Zergling x4  
  106  9:14  Mutalisk x3  
  106  9:15  Mutalisk x5  
  106  9:16  Mutalisk x2  
  123  9:17  Zergling x4  
  125  9:35  Zerg Flyer Armor Level 1  
  125  9:36  Overlord x3  
  125  9:45  Drone  
  125  9:46  Drone x3  
  125  9:51  Overlord x2  
  129  9:58  Mutalisk x5  
  129  9:59  Mutalisk x3  
  141  10:18  Mutalisk x3  
  141  10:19  Zergling x6  
  148  10:39  Overlord  
  148  10:40  Overlord  
  148  10:41  Zergling x12  
  148  10:42  Zergling x2  
  155  10:47  Ultralisk Cavern  
  127  11:21  Adrenal Glands  
  127  11:24  Zergling x10  
  127  11:25  Zergling x14  
  138  11:26  Zergling x2  
  138  11:39  Ultralisk x2  
  149  11:40  Ultralisk  
  149  11:53  Zergling x4, Ultralisk  
  156  12:02  Anabolic Synthesis  
  119  12:35  Ultralisk  
  119  12:36  Zergling x6, Ultralisk  
  119  12:37  Zergling x12  
  139  12:49  Zergling x8  
Show
View Real Time Build Order
Export as new Build Order

Nyck Terran - Winner!

Build Orders: Mech 

Get SALT Encoding   

  12  0:00  SCV  
  13  0:13  SCV  
  14  0:19  Supply Depot  
  14  0:25  SCV  
  15  0:41  SCV  
  15  0:42  Barracks  
  16  0:50  Refinery  
  16  0:52  Refinery  
  16  0:54  SCV  
  17  1:07  SCV  
  18  1:19  SCV  
  19  1:30  Reaper  
  20  1:37  SCV  
  21  1:46  Command Center  
  21  1:52  SCV  
  22  2:08  Orbital Command  
  22  2:18  Factory  
  22  2:35  SCV  
  23  2:57  SCV, Marine  
  25  3:09  SCV  
  27  3:24  SCV  
  27  3:25  Orbital Command  
  27  3:36  SCV, Barracks Reactor  
  27  3:40  Factory  
  28  3:44  Factory Reactor  
  28  3:51  SCV  
  28  3:52  SCV  
  29  4:03  SCV  
  29  4:04  SCV  
  31  4:10  Refinery  
  31  4:13  Refinery  
  31  4:15  SCV  
  31  4:16  SCV  
  33  4:23  Hellion  
  37  4:24  Hellion  
  37  4:30  Factory  
  37  4:36  SCV  
  38  4:38  Barracks Tech Lab  
  38  4:40  Supply Depot  
  38  5:02  SCV x2, Hellion x3  
  38  5:05  Supply Depot  
  38  5:06  Hellion  
  50  5:14  SCV x2  
  50  5:18  Engineering Bay  
  50  5:23  Starport  
  50  5:26  SCV  
  51  5:29  Supply Depot, SCV  
  52  5:38  SCV, Command Center  
  52  5:41  SCV  
  52  5:42  Infernal Pre-Igniter  
  54  5:44  Hellion x4  
  62  5:51  Siege Tank  
  62  5:53  Supply Depot  
  65  6:01  SCV x2  
  67  6:13  SCV x2  
  67  6:17  Supply Depot  
  69  6:25  SCV x2, Terran Infantry Weapons Level 1  
  71  6:34  Starport Reactor  
  71  6:36  Cyclone  
  71  6:37  Cyclone x3  
  71  6:38  Cyclone  
  81  6:47  SCV x2  
  83  6:50  Orbital Command  
  83  6:58  Armory  
  83  7:10  Siege Tank  
  86  7:32  Factory Tech Lab  
  86  7:34  SCV x2  
  88  7:37  Factory Tech Lab  
  88  7:49  SCV x2  
  90  7:56  Terran Vehicle And Ship Armor Level 1  
  90  7:59  Armory  
  90  8:09  Orbital Command  
  90  8:18  Command Center  
  89  8:29  Siege Tank x3  
  98  8:42  Starport  
  98  8:53  Refinery  
  98  9:01  Thor  
  104  9:06  Thor x2  
  104  9:08  Supply Depot  
  116  9:13  Smart Servos  
  116  9:30  Supply Depot  
  116  9:31  SCV x3  
  119  9:35  Planetary Fortress  
  119  9:38  Refinery  
  119  9:43  SCV x3  
  119  9:44  Siege Tank  
  125  9:49  Siege Tank x2  
  131  9:53  Supply Depot  
  131  9:54  Terran Vehicle And Ship Armor Level 2  
  131  9:57  Terran Vehicle Weapons Level 1  
  131  9:58  Terran Infantry Weapons Level 2  
  131  10:01  SCV x3  
  134  10:13  SCV x2  
  134  10:14  SCV  
  137  10:15  Supply Depot  
  137  10:19  SCV  
  138  10:24  Siege Tank x3  
  138  10:25  SCV x2  
  138  10:26  SCV  
  126  11:09  Siege Tank x3  
  135  11:13  SCV  
  135  11:14  SCV x2  
  135  11:18  SCV  
  139  11:20  Refinery  
  139  11:26  SCV x3  
  142  11:41  Siege Tank x3  
  151  12:13  Siege Tank x3  
Tags
 
Add a new tag
Caveats
  • Supply blocks, unpowered buildings, or Contaminate may cause inaccurate times.
  • Supply counts are checked every 10 seconds.